 Dungeon Crawl Stone Soup version 0.30-b1-2-g02819fbbbe (webtiles) character file.

Game seed: 13473268572619742195

95 Borgoz the Cudgeller (level 4, -6/29 HPs)
             Began as a Gargoyle Berserker on June 17, 2023.
             Was a Believer of Trog.
             Mangled by a gnoll
             ... wielding a +0 spear
              (7 damage)
             ... on level 3 of the Dungeon.
             The game lasted 00:02:50 (1327 turns).

Borgoz the Cudgeller (Gargoyle Berserker)           Turns: 1327, Time: 00:02:50

Health: -6/29      AC: 10    Str: 20    XL:     4   Next: 65%
Magic:  4/4        EV: 11    Int:  8    God:    Trog [**....]
Gold:   90         SH:  0    Dex: 11    Spells: 3/3 levels left

rFire   . . .        a - +1 mace
rCold   . . .        (no shield)
rNeg    + . .        g - +1 ring mail
rPois   ∞            (no helmet)
rElec   +            (no cloak)
rCorr   .            (no gloves)
SInv    .            (no boots)
Will    .....        (no amulet) Stlth
                     (no ring)
HPRegen 0.24/turn    (no ring)
MPRegen 0.09/turn

%: no passive effects
@: confused, on berserk cooldown, hasted and slowed
A: sickness immunity, AC +3, negative energy resistance 1, electricity
resistance, torment resistance 1, petrification resistance
a: Renounce Religion, Berserk, Trog's Hand


You were on level 3 of the Dungeon.
You worshipped Trog.
Trog was pleased with you.
You visited 1 branch of the dungeon, and saw 3 of its levels.

You collected 90 gold pieces.

Inventory:

Hand Weapons
 a - a +1 mace (weapon)
Armour
 g - a +1 ring mail (worn)
Scrolls
 f - a scroll of identify


   Skills:
 + Level 3.9 Fighting
 * Level 4.0 Maces & Flails
 + Level 3.0 Armour
 + Level 2.2 Dodging


You had 3 spell levels left.
You didn't know any spells.
Your spell library was empty.

Dungeon Overview and Level Annotations

Branches:
Dungeon (3/15)

Altars:

Annotations:
D:3 Sigmund


Innate Abilities, Weirdness & Mutations

You are immune to sickness and miasma.
Your stone body is resilient. (AC +3)
You are immune to poison.
You resist negative energy. (rN+)
You are resistant to electric shocks. (rElec)
You are resistant to unholy torment.
You are immune to petrification.


Message History

You feel yourself slow down. The gnoll hits you but does no damage.
Sigmund attacks as you move away! Sigmund hits you but does no damage.
The gnoll hits you with a +0 club.
You bump into the rock wall.
Sigmund hits you but does no damage. The gnoll hits you but does no damage.
You feel as though your hastened speed will last longer.
The gnoll barely misses you. The gnoll hits you but does no damage.
Sigmund hits you but does no damage.
You bump into the rock wall.
You feel less confused.
The gnoll hits you from afar with a +0 spear.
The gnoll hits you with a +0 club!
You barely miss the gnoll.
The gnoll is severely wounded.
Sigmund laughs darkly.
Sigmund misses you. The gnoll barely misses you. The gnoll closely misses you.
Okay, then.
You hit the gnoll.
The gnoll is almost dead.
The gnoll hits you but does no damage. The gnoll completely misses you.
Sigmund hits you but does no damage.
You thump the gnoll!
You kill the gnoll!
Trog accepts your kill. The bat hits you but does no damage.
The gnoll barely misses you. Sigmund casts a spell at you.
You are confused.
The gnoll hits you but does no damage.
You bump into the rock wall.
Sigmund mumbles some strange words.
Sigmund flickers and vanishes!
Deactivating autopickup; reactivate with Ctrl-A.
The gnoll hits you but does no damage. The bat completely misses you.
The goblin misses you.
You hit the bat.
The bat is heavily wounded.
The bat barely misses you. Something hits you!
* * * LOW HITPOINT WARNING * * *
The gnoll hits you from afar with a +0 spear!
You die...

#..........#
########...........#
#.....(..>.........#
####.....g............#
.....................##
#.........##...#...##
#..#...####>..g#####
.......)# #..##b#
#...<..##...#gg@#
...###....##.{### ..
###..#..# . #....#
..... ...# ..# ..


You could see a gnoll, 2 goblins and a bat.

Vanquished Creatures
  4 adders (D:2)
  A gnoll (D:3)
  3 dart slugs
  2 ball pythons (D:1)
  6 endoplasms
  A giant cockroach (D:1)
  3 goblins (D:1)
  2 hobgoblins
  2 jackals (D:2)
  4 quokkas
  3 bats (D:1)
  3 frilled lizards
  4 kobolds (D:1)
  3 rats
41 creatures vanquished.

Notes
Turn   | Place    | Note
-------+----------+-------------------------------------------
     0 | D:1      | Borgoz the Gargoyle Berserker began the quest for the Orb.
     0 | D:1      | Reached XP level 1. HP: 14/14 MP: 1/1
   159 | D:1      | Reached XP level 2. HP: 19/19 MP: 2/2
   553 | D:1      | Reached XP level 3. HP: 17/23 MP: 3/3
  1033 | D:2      | Reached ** piety under Trog
  1170 | D:2      | Reached XP level 4. HP: 26/29 MP: 4/4
  1271 | D:2      | You fall into a shaft and drop 1 floor!
  1283 | D:3      | Reached skill level 4 in Maces & Flails
  1306 | D:3      | Noticed Sigmund
  1327 | D:3      | HP: 1/29 [something (10)]
  1327 | D:3      | Mangled by a gnoll

Illustrated notes

Levels and vault maps discovered:
D:1:      sevenhm_arrival_forest_fort_large_2, layout_loops_ring,
          nicolae_figureground_sparkle
D:2:      minmay_wonky_spiral, layout_basic
D:3:      layout_rooms, uniq_crazy_yiuf_cottage, uniq_sigmund, uniq_pargi

Skill      XL: |  1  2  3  4 |
---------------+-------------+-----
Dodging        | 2 |  2.2
Armour         | 3 |  3.0
Maces & Flails | 4 |  4.0
Fighting       | |  3.9

Action                     |  1- 3 |  4- 6 || total
---------------------------+-------+-------++-------
  Melee: Mace              |   111 |    40 ||   151
         Punch             |     2 |       ||     2
 Invoke: Berserk           |       |     1 ||     1
         Trog's Hand       |       |     1 ||     1
    Use: Scroll            |    11 |       ||    11
         Potion            |       |     3 ||     3
 Armour: Animal skin       |    10 |       ||    10
         Ring mail         |    45 |    42 ||    87
  Dodge: Dodged            |    64 |    57 ||   121
